Map: Acid Plant LE

Players

Mowgli

  • Race: Protoss Protoss
  • League: Diamond
  • Spawn Location: 11:00

Burnicus - Winner!

  • Race: Zerg Zerg
  • League: Diamond
  • Spawn Location: 5:00

VOD

Have the link to the VOD?

Description

Time

  • Played on: July 10, 2018, 12:47 a.m.
  • Length: 21:44
Show
View Real Time Build Order
Export as new Build Order

Mowgli Protoss 

Build Orders: Zealot Archon 

Get SALT Encoding   

  12  0:00  Probe  
  13  0:12  Probe  
  14  0:20  Pylon  
  14  0:25  Probe  
  15  0:39  Gateway, Probe  
  16  0:47  Probe  
  16  0:51  Assimilator  
  16  0:55  Probe  
  18  1:10  Probe  
  19  1:22  Gateway, Probe  
  20  1:31  Zealot  
  22  1:32  Pylon  
  22  1:39  Cybernetics Core  
  22  1:47  Probe  
  22  1:50  Assimilator  
  23  2:10  Nexus  
  23  2:15  Probe  
  23  2:16  Warp Gate  
  24  2:26  Probe  
  24  2:28  Adept  
  27  2:36  Adept, Probe  
  27  2:41  Pylon  
  29  2:55  Adept  
  31  2:59  Probe  
  32  3:06  Adept  
  32  3:11  Pylon  
  32  3:12  Probe  
  35  3:25  Robotics Facility, Probe  
  36  3:31  Probe  
  37  3:38  Probe  
  38  3:44  Probe  
  39  3:50  Probe  
  39  3:54  Probe  
  40  3:56  Assimilator  
  40  3:58  Probe  
  40  4:00  Twilight Council  
  40  4:02  Probe  
  42  4:07  Probe  
  43  4:10  Probe  
  43  4:12  Observer  
  46  4:22  Stalker  
  46  4:23  Stalker  
  50  4:27  Probe x2  
  52  4:39  Charge, Probe x2, Assimilator  
  54  4:51  Probe x2  
  56  4:54  Shield Battery  
  56  4:59  Templar Archives  
  56  5:03  Probe x2  
  58  5:09  Pylon  
  58  5:13  Pylon  
  58  5:15  Probe  
  58  5:16  Gateway, Probe  
  58  5:18  Gateway  
  58  5:21  Gateway  
  60  5:26  Gateway  
  57  5:30  Immortal  
  57  5:34  Adept x2  
  65  6:04  Observer  
  65  6:07  Forge x2  
  65  6:08  Pylon  
  66  6:11  Pylon  
  66  6:16  Gateway  
  66  6:18  Gateway, High Templar  
  66  6:19  High Templar  
  66  6:21  High Templar  
  66  6:22  High Templar x2  
  66  6:24  Archon  
  76  6:26  Archon, Psionic Storm  
  76  6:29  Zealot  
  78  6:53  Zealot  
  78  6:54  Zealot x2  
  82  6:56  High Templar, Immortal  
  86  7:03  Nexus  
  90  7:10  Pylon  
  90  7:13  Pylon  
  90  7:14  High Templar  
  90  7:15  Pylon  
  92  7:24  Protoss Ground Weapons Level 1  
  92  7:35  Photon Cannon, Warp Prism  
  92  7:36  Photon Cannon  
  94  7:38  Photon Cannon  
  94  7:40  Assimilator  
  94  7:47  High Templar  
  96  7:51  Zealot x2  
  96  7:52  Zealot  
  102  8:03  Archon x2  
  102  8:05  High Templar x2  
  102  8:07  Zealot x2  
  110  8:22  Probe x3  
  113  8:34  Probe x3  
  113  8:36  High Templar  
  113  8:37  High Templar  
  113  8:41  Archon  
  120  8:46  Probe x2  
  120  8:47  Probe  
  122  8:49  Shield Battery  
  122  8:54  Shield Battery  
  123  8:57  Protoss Ground Armor Level 1  
  123  8:58  Probe, High Templar  
  123  8:59  Probe  
  123  9:00  Zealot x3, Resonating Glaives  
  133  9:03  Pylon  
  133  9:05  Pylon  
  133  9:09  Pylon  
  133  9:22  Probe  
  133  9:23  Probe  
  135  9:28  Assimilator  
  135  9:31  High Templar  
  137  9:32  Zealot x3  
  137  9:33  High Templar  
  137  9:37  Archon  
  145  9:41  Pylon  
  145  9:42  Probe x3  
  148  9:57  Nexus  
  148  9:58  Immortal  
  152  10:00  Pylon  
  152  10:01  Pylon  
  152  10:02  High Templar x2  
  152  10:03  Zealot x4  
  164  10:07  Pylon  
  164  10:09  Protoss Ground Weapons Level 2  
  164  10:11  Pylon  
  164  10:14  Archon  
  164  10:24  Photon Cannon x2  
  164  10:26  Photon Cannon  
  164  10:29  Assimilator  
  164  10:36  Adept x5  
  174  10:43  Probe x3  
  177  10:52  Stargate  
  177  10:55  Probe  
  177  10:56  Observer  
  179  11:15  Stalker x2  
  179  11:16  Stalker x2  
  179  11:17  Stalker x2  
  191  11:18  Stalker  
  175  11:49  Observer  
  175  11:51  High Templar x2  
  175  11:52  High Templar x2  
  174  11:59  Archon x2  
  166  12:18  High Templar x3  
  172  12:23  Assimilator  
  172  12:28  Probe  
  172  12:29  Probe  
  160  12:54  Observer  
  160  12:58  Void Ray  
  127  13:01  Dark Shrine  
  105  13:08  Observer  
  105  13:09  Zealot x2  
  105  13:10  Zealot  
  106  13:18  Adept x5  
  84  13:31  High Templar x5  
  84  13:32  Zealot x2  
  84  13:33  Zealot  
  86  13:36  Probe  
  86  13:40  Probe x2  
  93  13:50  Probe  
  93  13:54  Probe x2  
  85  13:59  Probe  
  85  14:02  Observer  
  86  14:06  Probe x2  
  86  14:07  Probe  
  80  14:10  Archon x3  
  80  14:11  Archon x2  
  80  14:12  Zealot  
  80  14:13  Zealot x6  
  80  14:14  Zealot  
  95  14:18  Probe  
  96  14:26  Pylon  
  96  14:27  Void Ray  
  96  14:28  Gateway  
  96  14:31  Gateway  
  96  14:35  Probe  
  96  14:36  Probe, Pylon  
  96  14:37  Probe  
  99  14:43  Probe  
  99  14:44  Probe  
  99  14:45  Nexus  
  99  14:48  Zealot x3  
  99  14:49  Zealot x2, Probe  
  102  15:10  Void Ray  
  102  15:14  Adept x6  
  86  15:15  Adept x2  
  86  15:25  Probe x3  
  86  15:26  Gateway  
  86  15:27  Gateway  
  86  15:28  Gateway  
  89  15:30  High Templar x2  
  93  15:37  Probe  
  93  15:39  Archon  
  82  15:43  Zealot x3  
  82  15:45  Zealot x4  
  82  15:46  Zealot  
  68  15:57  Probe  
  68  16:00  Probe  
  68  16:01  Probe  
  63  16:09  Probe  
  55  16:11  High Templar x3  
  55  16:12  High Templar  
  55  16:13  Probe x2  
  66  16:25  Archon x2  
  66  16:27  High Templar x2  
  66  16:28  Probe  
  66  16:29  Zealot x4  
  66  16:32  Probe x2  
  81  16:34  Probe  
  81  16:36  Probe  
  82  16:40  High Templar  
  82  16:41  Archon  
  82  16:44  Zealot, Dark Templar  
  82  16:45  Zealot x2  
  93  16:51  Probe  
  93  16:52  Probe  
  93  16:53  High Templar  
  95  16:55  Probe  
  76  17:09  Adept  
  76  17:10  Adept x2  
  76  17:11  Adept  
  78  17:22  Observer  
  79  17:25  High Templar x3  
  79  17:26  Zealot x2  
  79  17:27  Probe  
  88  17:32  Probe  
  88  17:33  Probe  
  88  17:36  Probe  
  89  17:53  Dark Templar  
  89  18:07  Observer  
  89  18:08  High Templar x4  
  89  18:09  Zealot  
  89  18:10  Zealot x2  
  89  18:11  Zealot  
  89  18:12  Observer  
  106  18:16  Archon  
  106  18:17  Archon x3  
  98  18:38  High Templar  
  98  18:39  High Templar  
  98  18:40  Zealot  
  98  18:41  Zealot x5  
  110  18:42  Zealot  
  110  18:43  Zealot  
  110  18:44  Zealot  
  120  18:52  Archon  
  120  19:09  Stalker x4  
  122  19:28  Zealot, High Templar  
  122  19:29  Zealot x2  
  70  19:44  Zealot x2  
  70  19:45  Zealot x2  
  66  19:51  High Templar  
  68  19:59  Dark Templar  
  70  20:02  Zealot  
  70  20:32  Nexus  
  70  20:35  Dark Templar  
  72  20:36  Zealot  
  74  21:00  High Templar x2  
  74  21:01  Zealot x3  
  82  21:14  Assimilator  
  82  21:18  Assimilator  
  81  21:19  Archon  
Show
View Real Time Build Order
Export as new Build Order

Burnicus Zerg - Winner!

Build Orders: Hatch First, Lurkers 

Get SALT Encoding   

  12  0:01  Drone  
  13  0:08  Drone  
  14  0:16  Overlord  
  14  0:36  Drone x3  
  17  0:54  Hatchery  
  16  0:58  Drone  
  17  1:13  Spawning Pool  
  17  1:15  Drone  
  17  1:17  Extractor  
  16  1:25  Drone x2  
  18  1:38  Drone  
  19  2:08  Zergling x6  
  21  2:09  Queen x2  
  21  2:12  Overlord  
  26  2:24  Zergling x4  
  28  2:31  Metabolic Boost  
  28  2:36  Zergling x4  
  30  2:49  Drone x3  
  33  2:55  Drone  
  34  3:00  Drone  
  34  3:02  Overlord  
  35  3:09  Hatchery  
  33  3:22  Drone x5  
  38  3:28  Drone x3  
  41  3:36  Evolution Chamber  
  40  3:56  Extractor  
  40  3:57  Zergling x2  
  40  3:58  Zergling x6  
  40  4:00  Overlord x2  
  43  4:04  Baneling Nest  
  42  4:10  Zergling x2  
  43  4:20  Drone x3  
  43  4:21  Drone x2  
  48  4:43  Drone x8  
  48  4:44  Drone x2  
  58  4:47  Extractor  
  58  4:49  Extractor  
  56  4:56  Queen  
  56  4:57  Spore Crawler  
  57  5:00  Spore Crawler  
  57  5:02  Spore Crawler  
  57  5:04  Zerg Melee Weapons Level 1  
  57  5:08  Queen  
  57  5:09  Lair  
  57  5:10  Evolution Chamber  
  56  5:14  Drone  
  56  5:15  Overlord  
  56  5:16  Overlord  
  57  5:38  Drone x5  
  57  5:39  Drone x6  
  57  5:40  Drone  
  69  5:43  Overlord x2  
  69  5:48  Zerg Missile Weapons Level 1  
  67  5:58  Zergling x8  
  71  6:07  Centrifical Hooks  
  71  6:11  Zergling x14  
  72  6:12  Hydralisk Den  
  72  6:14  Baneling  
  72  6:16  Baneling x5  
  72  6:17  Baneling  
  77  6:24  Spine Crawler  
  76  6:26  Drone x4  
  76  6:27  Spine Crawler, Drone  
  80  6:41  Drone x2  
  80  6:42  Drone x3, Zergling x2  
  80  6:43  Drone, Zergling x2  
  88  6:47  Zergling x2  
  88  6:48  Zergling x2  
  88  6:53  Overlord  
  90  6:58  Pneumatized Carapace  
  90  7:08  Overlord x2  
  90  7:11  Extractor  
  90  7:13  Extractor  
  88  7:17  Hydralisk x5  
  88  7:19  Overlord  
  98  7:23  Grooved Spines  
  98  7:24  Overseer  
  98  7:27  Zerg Melee Weapons Level 2  
  95  7:32  Hydralisk  
  95  7:34  Overlord x2  
  97  7:45  Drone x13  
  97  7:50  Queen  
  112  7:52  Spine Crawler x2  
  112  7:54  Zerg Missile Weapons Level 2  
  110  8:12  Hydralisk  
  110  8:13  Infestation Pit  
  110  8:14  Overlord, Zergling x2  
  110  8:18  Extractor, Drone x2  
  110  8:19  Hatchery  
  112  8:22  Extractor  
  111  8:34  Overlord  
  111  8:35  Overlord  
  111  8:36  Overlord  
  111  8:37  Overlord  
  111  8:41  Drone x9  
  114  8:46  Muscular Augments  
  120  9:04  Hive  
  120  9:14  Hydralisk x3  
  120  9:15  Hydralisk x6  
  120  9:16  Lurker Den, Hydralisk x3  
  143  9:18  Overlord  
  143  9:19  Overseer  
  143  9:42  Hydralisk x3  
  143  9:43  Hydralisk x6  
  143  9:44  Hydralisk x2  
  165  9:48  Drone x4  
  169  10:07  Drone x4  
  169  10:08  Drone  
  169  10:09  Drone x2  
  169  10:10  Drone, Hydralisk  
  169  10:11  Hydralisk x2  
  183  10:14  Hatchery  
  183  10:15  Extractor  
  183  10:17  Extractor  
  183  10:19  Zerg Melee Weapons Level 3, Zerg Missile Weapons Level 3  
  180  10:29  Queen x2  
  184  10:44  Overlord x4  
  184  10:45  Adaptive Talons  
  184  10:51  Adrenal Glands  
  184  11:02  Queen  
  186  11:06  Lurker  
  186  11:07  Lurker x6  
  194  11:11  Lurker  
  194  11:14  Zergling x4  
  194  11:15  Zergling x8  
  179  11:52  Hydralisk x3  
  179  11:53  Zergling x8, Hydralisk x4  
  179  11:54  Zergling x8, Hydralisk x3  
  187  11:55  Zergling x6  
  187  12:01  Lurker x2  
  193  12:02  Lurker  
  193  12:03  Lurker  
  196  12:10  Zergling x2  
  196  12:11  Zergling x4  
  199  12:18  Baneling x8  
  199  12:19  Baneling x11  
  128  13:03  Zergling x30  
  128  13:04  Zergling x18  
  124  13:32  Zergling x2  
  124  13:33  Zergling x26  
  138  13:38  Baneling x6  
  138  13:39  Baneling x31  
  138  13:40  Baneling x2  
  138  14:06  Hydralisk x9  
  138  14:07  Hydralisk x3  
  141  14:25  Evolution Chamber  
  141  14:26  Hatchery  
  141  14:27  Extractor  
  141  14:29  Extractor  
  137  14:58  Zergling x2  
  137  14:59  Zergling x34  
  113  15:16  Hydralisk x5  
  113  15:17  Hydralisk x2  
  112  15:24  Baneling  
  112  15:25  Baneling x11  
  112  15:28  Zergling x2, Hydralisk x4  
  113  15:29  Hydralisk  
  104  15:55  Zergling x2  
  104  15:56  Zergling x18  
  106  16:06  Hydralisk  
  106  16:07  Hydralisk x6  
  120  16:21  Spore Crawler  
  120  16:23  Spore Crawler  
  118  16:39  Hydralisk x2  
  119  16:40  Zergling x8, Hydralisk x4  
  119  16:41  Zergling x6, Hydralisk  
  121  17:13  Overseer x4  
  115  17:18  Spine Crawler  
  115  17:20  Spine Crawler  
  105  18:23  Lurker x5, Hydralisk  
  105  18:24  Hydralisk x21  
  105  18:25  Hydralisk x5  
  164  18:34  Zerg Ground Armor Level 1  
  164  18:45  Zergling x12  
  170  18:51  Queen  
  172  19:01  Drone x3  
  172  19:02  Drone  
  128  19:35  Zergling x2, Hydralisk x2  
  128  19:36  Zergling x8, Hydralisk x2  
  128  19:37  Zergling x2  
  132  20:04  Hatchery  
  129  20:12  Overlord x4  
  129  20:14  Overseer x2  
  129  20:16  Overseer  
  129  20:27  Lurker  
  130  20:45  Zergling x2  
  130  20:46  Zergling x10  
Tags
 
Add a new tag
Caveats
  • Supply blocks, unpowered buildings, or Contaminate may cause inaccurate times.
  • Supply counts are checked every 10 seconds.